 Dungeon Crawl Stone Soup version 0.19-a0-1704-gbd66c22 (webtiles) character file.

109095 junb69 the Fighter (level 16, -4/238 HPs)
             Began as a Naga Abyssal Knight on Sept 26, 2016.
             Was the Champion of Lugonu.
             Killed by divine providence
             ... invoked by a greater mummy
              (10 damage)
             ... in a wizard's laboratory on Sept 27, 2016.
             The game lasted 01:47:22 (34803 turns).

junb69 the Fighter (Naga Abyssal Knight)           Turns: 34803, Time: 01:47:23

Health: -4/238     AC: 30    Str: 23    XL:     16   Next: 51%
Magic:  0/21       EV: 15    Int: 15    God:    Lugonu [******]
Gold:   2458       SH: 13    Dex: 15    Spells: 0 memorised, 15 levels left

rFire  + . .     SeeInvis +     H - +6 trident (vamp)
rCold  + . .     Gourm    .     U - +1 leather armour {rC+}
rNeg   . . .     Faith    .     e - +0 shield
rPois  +         Spirit   +     E - +0 helmet
rElec  .         Dismiss  .     K - +1 cloak {+Inv}
rCorr  .         Reflect  .     D - +2 pair of gloves {Dex+3}
MR     ++...     Harm     .     a - +4 naga barding {rF+}
Stlth  ..........               g - amulet of guardian spirit
                                S - +2 ring of slaying
                                s - +6 ring of protection

@: mighty, berserking, very slightly contaminated, hasted, quick
A: see invisible, deformed body, poison resistance, slowness 2, slow metabolism
1, spit poison 1, constrict 1, AC +5
a: Spit Poison, Depart the Abyss, Bend Space, Banish, Corrupt, Enter the Abyss,
Brand Weapon With Distortion, Renounce Religion, Evoke Invisibility


You were in a wizard's laboratory.
You worshipped Lugonu.
Lugonu was exalted by your worship.
You were not hungry.

You visited 4 branches of the dungeon, and saw 24 of its levels.
You visited the Abyss 1 time.
You also visited: Sewer, Bailey, Ice Cave and Wizlab.

You collected 2749 gold pieces.
You spent 291 gold pieces at shops.

Inventory:

Hand Weapons
 H - a +6 vampiric trident (weapon)
Armour
 a - a +4 naga barding of fire resistance (worn)
 e - a +0 shield (worn)
 n - a +1 gold dragon armour
 D - a +2 pair of gloves of dexterity (worn)
 E - a +0 helmet (worn)
 K - a +1 cloak of invisibility (worn)
 M - a +0 large shield of reflection
 U - a +1 leather armour of cold resistance (worn)
Jewellery
 g - an amulet of guardian spirit (around neck)
 s - a +6 ring of protection (left hand)
 w - an uncursed ring of resist corrosion
 y - an uncursed ring of protection from magic
 G - an uncursed ring of protection from fire
 P - an uncursed ring of flight
 S - a +2 ring of slaying (right hand)
Wands
 m - a wand of hasting (1/9)
 t - a wand of paralysis (4/24)
 L - a wand of heal wounds (1/9)
 R - a wand of disintegration (10/24)
Scrolls
 f - 2 scrolls of fear
 h - a scroll of blinking
 k - 3 scrolls of fog
 v - 2 scrolls of enchant weapon
 z - 2 scrolls of recharging
 I - 6 scrolls of remove curse
 J - a scroll of enchant armour
Potions
 i - a potion of resistance
 o - 7 potions of curing
 q - 3 potions of cancellation
 r - 5 potions of heal wounds
 A - 4 potions of cure mutation
 Q - 3 potions of agility
Comestibles
 c - 8 bread rations
 d - 8 meat rations
 j - 6 royal jellies
 u - 4 beef jerkies
 x - 6 fruits
 B - 2 slices of pizza


   Skills:
 * Level 14.1 Fighting
 * Level 13.8 Polearms
 - Level 4.2 Armour
 * Level 11.7 Dodging
 - Level 7.0 Stealth
 * Level 11.6 Shields
 - Level 7.9 Invocations


You had 15 spell levels left.
You didn't know any spells.

Dungeon Overview and Level Annotations

Branches:
Dungeon (15/15)            Temple (0/1) D:5            Lair (6/6) D:9
 Shoals (0/4) Lair:3       Spider (0/4) Lair:2        Slime (0/5) Lair:5
    Orc (2/2) D:11            Elf (1/3) Orc:2        Vaults (0/5) D:14
 Depths (0/5) D:15

Altars:
Dithmenos
Kikubaaqudgha
Ru
Sif Muna
Trog
Xom
Beogh

Shops:
D:7 }   D:8 (   D:9 }   Orc:2 [[?%

Annotations:
D:3 Pikel
D:8 1 exclusion
Lair:1 exclusion: oklob plant
Abyss:1 Gastronok, Joseph WizLab exclusions: greater mummy and mummy priest


Innate Abilities, Weirdness & Mutations

You cannot wear boots.
Your serpentine skin is tough. (AC +5)
You have supernaturally acute eyesight. (SInv)
Armour fits poorly on your strangely shaped body.
Your system is resistant to poisons. (rPois)
You cover ground very slowly.
You have a slow metabolism.
You can spit poison.
You can use your snake-like lower body to constrict enemies.


Message History

The necrophage hits you but does no damage.
The phantasmal warrior closely misses you.
You puncture the greater mummy!
The greater mummy is almost destroyed.
You constrict the greater mummy. The greater mummy hits you.
* * * LOW HITPOINT WARNING * * *
You impale the greater mummy!!
The greater mummy is almost destroyed.
You constrict the greater mummy. You block the hungry ghost's attack.
The vampire completely misses you.
The vampire bites you but does no damage.
Unknown command.
You puncture the greater mummy!
The greater mummy is almost destroyed.
You constrict the greater mummy. You block the necrophage's attack.
The phantasmal warrior barely misses you.
You block the guardian mummy's attack. The greater mummy casts a spell at you.
Something smites you!
You die...

########################
..............ZWM§......
...........§§§ZW@W......
..............§VnM.........#
...............MZ§.........#
.....[.......§§.....[......#
...........................#
...........................#
.......W...................#
.[.......[.....[...........#
...........................#


You could see a greater mummy, a mummy priest, a phantasmal warrior, a guardian
mummy, a freezing wraith, a hungry ghost, a vampire, a necrophage, a sphinx
zombie, a spriggan berserker zombie and a black sun zombie.

Vanquished Creatures
  The ghost of 4thArraOfDagon the Brawler, a journeyman TrWn of Elyvilon (Orc:2)
  A juggernaut zombie (WizLab)
  A stone giant (Orc:2)
  A mummy priest (WizLab)
  A great orb of eyes (D:15)
  3 vault guards (D:14)
  2 ice dragons (IceCv)
  A catoblepas (Lair:6)
  4 hydras
  A death knight (D:15)
  3 centaur warriors
  3 tengu warriors
  5 death yaks
  A deep elf knight (Elf:1)
  A fire crab (D:15)
  2 skeletal warriors (D:15)
  A flayed ghost (D:15)
  2 unseen horrors
  3 wizards
  7 hill giants
  7 deep elf magi
  14 orc knights
  2 hornets (Lair:6)
  3 necromancers
  2 frost giant zombies (WizLab)
  An orc sorcerer (Orc:2)
  A wolf spider (Lair:6)
  2 ugly things (D:11)
  2 manticores (D:11)
  An elf zombie (WizLab)
  5 cyclopes
  14 elephants
  4 centaur zombies
  2 ice statues (IceCv)
  8 black mambas
  A guardian serpent (Lair:6)
  A naga mage (D:15)
  A yaktaur zombie (WizLab)
  11 spiny frogs
  3 human zombies (WizLab)
  4 rime drakes
  A freezing wraith (D:14)
  4 komodo dragons
  2 guardian mummies (WizLab)
  A tengu conjurer (D:13)
  A polar bear (Lair:2)
  A merfolk (D:12)
  4 two-headed ogres
  9 trolls
  3 jumping spiders (Lair:2)
  6 slime creatures
  An ice dragon zombie (WizLab)
  A harpy skeleton (D:15)
  A fire dragon zombie (WizLab)
  13 hippogriffs
  5 dream sheep (Lair:6)
  12 blink frogs
  2 ettin zombies (WizLab)
  A spriggan (D:12)
  2 vampires
  A centaur simulacrum (D:14)
  2 shadows
  5 redbacks (Lair:2)
  41 yaks
  3 basilisks
  18 humans
  2 wraiths (D:15)
  Grum (D:9)
  9 wyverns
  A golden eye (shapeshifter) (D:13)
  A hungry ghost (D:13)
  2 vampire mosquitoes (D:14)
  Menkaure (D:4)
  8 wargs
  2 mottled dragons
  A soldier ant (D:15)
  16 water moccasins
  11 porcupines
  2 slaves (D:3)
  21 ice beasts
  39 orc warriors
  5 wasps
  3 eyes of draining
  4 sky beasts
  A necrophage (D:14)
  A swamp drake (D:11)
  5 phantoms
  5 wolves
  13 ogres
  18 centaurs
  7 crocodiles
  6 big kobolds
  23 bullfrogs
  A wyvern zombie (D:13)
  A water moccasin zombie (D:5)
  4 scorpions
  10 killer bees
  10 wights (D:10)
  4 howler monkeys
  6 crimson imps
  2 bullfrog zombies
  5 hounds
  3 quasits
  8 jellies
  4 bullfrog skeletons
  9 centaur skeletons
  12 orc priests
  17 orc wizards
  8 iguanas
  14 worker ants
  A hound zombie (D:8)
  A worker ant zombie (D:5)
  16 gnolls
  25 adders
  61 river rats
  5 shadow imps
  12 white imps (Lair:4)
  5 oozes
  An adder zombie (D:5)
  2 adder skeletons
  9 worms
  2 dart slugs (D:1)
  5 leopard geckos
  89 orcs
  6 ball pythons
  7 bats
  7 giant cockroaches
  11 goblins
  7 hobgoblins
  16 jackals
  6 quokkas
  A ball python skeleton (D:5)
  A ball python zombie (D:2)
  3 frilled lizards
  A giant cockroach zombie (D:2)
  3 jackal skeletons (D:2)
  A jackal zombie (D:2)
  29 kobolds
  2 leopard gecko skeletons
  A quokka zombie (D:2)
  13 rats
948 creatures vanquished.

Vanquished Creatures (others)
  A hydra (Lair:4)
  An unseen horror (D:12)
  A naga mage (D:15)
  A wraith (D:6)
  10 fungi
  7 plants
21 creatures vanquished.

Grand Total: 969 creatures vanquished

Notes
Turn   | Place    | Note
-------+----------+-------------------------------------------
     0 | Abyss:1  | junb69 the Naga Abyssal Knight began the quest for the Orb.
     0 | Abyss:1  | Reached XP level 1. HP: 21/21 MP: 2/2
     7 | D:1      | Escaped the Abyss
   189 | D:1      | Reached XP level 2. HP: 24/28 MP: 3/3
   620 | D:1      | Reached XP level 3. HP: 29/34 MP: 4/4
   706 | D:1      | Reached ** piety under Lugonu
  1108 | D:2      | Reached skill level 4 in Fighting
  1108 | D:2      | Reached XP level 4. HP: 35/44 MP: 5/5
  1900 | D:2      | Reached XP level 5. HP: 30/51 MP: 6/6
  2414 | D:3      | Noticed an ogre
  2449 | D:3      | Killed an ogre
  2449 | D:3      | Reached skill level 5 in Fighting
  2585 | D:3      | Reached XP level 6. HP: 11/61 MP: 7/7
  3265 | D:3      | Found a sacrificial altar of Ru.
  3938 | D:3      | Reached *** piety under Lugonu
  4349 | D:4      | Noticed an orc warrior
  4362 | D:4      | Noticed Pikel
  4362 | D:4      | Noticed a slave
  4362 | D:4      | Noticed a slave
  4362 | D:4      | Noticed a slave
  4362 | D:4      | Noticed a slave
  4513 | D:4      | Noticed Menkaure
  4526 | D:4      | Killed Menkaure
  4526 | D:4      | Reached skill level 5 in Polearms
  4526 | D:4      | Reached XP level 7. HP: 68/68 MP: 1/9
  4700 | D:4      | Reached skill level 6 in Fighting
  5969 | D:4      | Reached skill level 1 in Shields
  5993 | D:4      | Reached XP level 8. HP: 57/78 MP: 8/11
  7002 | D:4      | Found a bloodstained altar of Trog.
  7150 | D:5      | Entered Level 5 of the Dungeon
  7296 | D:5      | Found a staircase to the Ecumenical Temple.
  7359 | D:5      | Found a glowing drain.
  7367 | Sewer    | Entered a sewer
  7627 | Sewer    | Reached skill level 7 in Fighting
  7779 | Sewer    | Reached **** piety under Lugonu
  8097 | D:5      | Reached skill level 1 in Dodging
  8194 | D:5      | Reached XP level 9. HP: 77/86 MP: 12/12
  9595 | D:6      | Reached skill level 8 in Fighting
 10245 | D:6      | Reached skill level 5 in Invocations
 11321 | D:7      | Reached XP level 10. HP: 83/96 MP: 10/14
 11536 | D:7      | Found Onkudam's Gadget Shoppe.
 12297 | D:8      | Found Yvuqutt's Antique Weapon Boutique.
 12678 | D:8      | Reached skill level 9 in Fighting
 12711 | D:8      | Found a deep blue altar of Sif Muna.
 12918 | D:8      | Reached ***** piety under Lugonu
 13233 | D:9      | Noticed Joseph
 13478 | D:9      | Found Sataoruat's Gadget Emporium.
 13485 | D:9      | Identified a scroll of acquirement
 13550 | D:9      | Reached skill level 5 in Dodging
 13620 | D:9      | Found a staircase to the Lair.
 13763 | D:9      | Banished Joseph
 13763 | D:9      | Reached XP level 11. HP: 72/108 MP: 9/15
 14071 | D:9      | Noticed Grum
 14091 | D:9      | Killed Grum
 14302 | Lair:1   | Entered Level 1 of the Lair of Beasts
 14738 | Lair:1   | Noticed Gastronok
 14759 | Lair:1   | Banished Gastronok
 14759 | Lair:1   | Reached skill level 5 in Shields
 15324 | Lair:1   | Noticed an oklob plant
 15460 | Lair:1   | Reached skill level 10 in Fighting
 15836 | Lair:2   | Reached skill level 10 in Polearms
 16030 | Lair:2   | Reached XP level 12. HP: 117/117 MP: 16/16
 16369 | Lair:2   | Found a hole to the Spider Nest.
 16770 | Lair:1   | Reached skill level 11 in Fighting
 18537 | Lair:3   | Found a staircase to the Shoals.
 18969 | Lair:3   | Gained mutation: You can use your snake-like lower body to constrict enemies. [Naga growth]
 18969 | Lair:3   | Reached XP level 13. HP: 85/127 MP: 10/17
 19022 | Lair:4   | Found an ancient bone altar of Kikubaaqudgha.
 19097 | Lair:4   | Reached ****** piety under Lugonu
 19182 | Lair:4   | Found a frozen archway.
 19264 | IceCv    | Entered an ice cave
 19482 | IceCv    | Noticed an ice dragon
 19483 | IceCv    | Noticed an ice dragon
 19504 | IceCv    | Killed an ice dragon
 19544 | IceCv    | Killed an ice dragon
 19593 | IceCv    | Got a scintillating brass ring
 19608 | IceCv    | Identified the ring "Toziotim" {+Fly MR+ Str-3 Int+3} (You found it in an ice cave)
 20786 | Lair:3   | Reached skill level 10 in Dodging
 21308 | Lair:5   | Found a staircase to the Slime Pits.
 22245 | D:10     | Entered Level 10 of the Dungeon
 23042 | D:11     | Reached XP level 14. HP: 116/136 MP: 15/18
 23390 | D:11     | Found a flagged portal.
 23412 | D:11     | Reached skill level 12 in Fighting
 23456 | Bailey   | Entered a bailey
 24395 | D:11     | Found a staircase to the Orcish Mines.
 24520 | Orc:1    | Entered Level 1 of the Orcish Mines
 24520 | Orc:1    | Found a roughly hewn altar of Beogh.
 24675 | Orc:2    | Entered Level 2 of the Orcish Mines
 24675 | Orc:2    | Found a staircase to the Elven Halls.
 24675 | Orc:2    | Noticed 4thArraOfDagon's ghost (journeyman TrWn)
 25137 | Orc:2    | Killed 4thArraOfDagon's ghost
 25469 | Orc:2    | Reached skill level 10 in Shields
 25552 | Orc:1    | Found a roughly hewn altar of Beogh.
 25962 | Orc:2    | Found a roughly hewn altar of Beogh.
 25995 | Orc:2    | Reached skill level 1 in Stealth
 26000 | Orc:2    | Noticed a stone giant
 26480 | Orc:2    | Found Roby's Antique Armour Shoppe.
 26480 | Orc:2    | Found Wefevick's Antique Armour Shop.
 26526 | Orc:2    | Reached skill level 5 in Stealth
 26542 | Orc:2    | Killed a stone giant
 26903 | Orc:2    | Bought a glowing cloak for 130 gold pieces
 26913 | Orc:2    | Found a roughly hewn altar of Beogh.
 26965 | Orc:2    | Found Pecsomil's Food Shoppe.
 26965 | Orc:2    | Found Viamnegu's Magic Scroll Shop.
 27097 | Orc:2    | Bought a scroll of identify for 28 gold pieces
 27097 | Orc:2    | Bought a scroll of enchant weapon for 105 gold pieces
 27097 | Orc:2    | Bought a scroll of identify for 28 gold pieces
 27299 | Orc:2    | Upgraded the game from 0.19-a0-1697-g0595f0e to 0.19-a0-1704-gbd66c22
 27971 | D:12     | Found a shadowy altar of Dithmenos.
 28515 | D:12     | Reached XP level 15. HP: 136/146 MP: 17/20
 28583 | D:13     | You fall through a shaft for 2 floors!
 28583 | D:15     | Entered Level 15 of the Dungeon
 29423 | D:13     | Reached skill level 13 in Fighting
 30133 | D:14     | Found a gate to the Vaults.
 30814 | D:14     | Got a wizard robe
 30825 | D:14     | Identified the +0 robe "Peteimar" {rC+ Int+3 SInv} (You found it on level 14 of the Dungeon)
 31724 | D:15     | Found a shimmering altar of Xom.
 31846 | D:15     | Found a staircase to the Depths.
 31856 | D:15     | Reached XP level 16. HP: 148/157 MP: 18/21
 32124 | Lair:6   | Entered Level 6 of the Lair of Beasts
 33582 | Elf:1    | Entered Level 1 of the Elven Halls
 33601 | Elf:1    | Reached skill level 14 in Fighting
 33610 | Elf:1    | Found a magical portal.
 33637 | WizLab   | Entered Doroklohe's Tomb
 34093 | WizLab   | Noticed a greater mummy
 34800 | WizLab   | HP: 11/238 [guardian mummy (1)]
 34801 | WizLab   | HP: 5/238 [greater mummy (6)]
 34803 | WizLab   | Killed from afar by a greater mummy

Vault maps used:
D:1:      dpeg_arrival_tiny_i
D:2:      first_bread, serial_undead, serial_undead_e, serial_undead_c,
          serial_undead_d, serial_undead_f, serial_undead_d, serial_undead_a
D:3:      minivault_27, nicolae_ru_sacrificial_ziggurat
D:4:      trog_eyes_of_draining, uniq_menkaure, uniq_pikel
D:5:      serial_curves, eino_curves_01, eino_curves_04, eino_curves_03,
          lightli_sewer_entry_pipes, dk_vineyard_1
D:7:      serial_shops, shop
D:8:      serial_shops, shop, led_sif_book
D:9:      lair_0_dummy, serial_shops, shop, uniq_joseph, uniq_grum
D:11:     erik_orc_1, enter_bailey_3
D:12:     hangedman_stone_soup, grunt_dithmenos_smoke_and_mirrors
D:14:     grunt_vaults_entry_tiered, abandoned_shop, kennysheep_two_boxes
D:15:     grunt_enter_depths_magical_seal, basic_altar, minmay_checkerbox
Lair:1:   minmay_lair_oklob_tunnel, columned_hall_lemuel, st_stairs_11,
          uniq_gastronok
Lair:2:   nicolae_spider_entry_tight_spaces, grunt_megastairs_1
Lair:3:   shoals_dummy_entry, serial_bayou_pond_a, serial_bayou_shore_a
Lair:4:   basic_altar, portal_ice_cave_entry_imps, beast_lair_carwin_4,
          grunt_megastairs_3
Lair:5:   minmay_slime_entry_pillars, lemuel_fruit_tree
Lair:6:   hangedman_lair_tendril_chambers, infiniplex_staircase_pool
Orc:1:    basic_altar, mines1_david
Orc:2:    st_orc_town, basic_altar
Elf:1:    elf_arrival_002, mu_enter_wizlab_1, uniq_nikola
Sewer:    sewer_co_tree
Bailey:   bailey_polearm_1, bailey
IceCv:    ice_cave_small_dragons
WizLab:   wizlab_doroklohe

Skill      XL: |  1  2  3  4  5  6  7  8  9 10 11 12 13 14 15 16 |
---------------+-------------------------------------------------+-----
Polearms       | 3 4 5 6 7 9 10 11 12 13 | 13.8
Fighting       | 4 5 6 7 8 9 10 11 12 13 14 | 14.1
Invocations    | 4 6 7 |  7.9
Shields        | 1 3 4 5 7 9 10 11 | 11.6
Dodging        | 1 4 5 6 8 10 11 | 11.7
Armour         | 2 4 |  4.2
Stealth        | 7 |  7.0

Action                   |  1- 3 |  4- 6 |  7- 9 | 10-12 | 13-15 | 16-18 || total
-------------------------+-------+-------+-------+-------+-------+-------++-------
Melee: Spear             |   103 |   257 |   856 |    94 |       |       ||  1310
       Trident           |       |       |       |  1470 |  2724 |   483 ||  4677
       Constrict         |       |       |       |       |   346 |    64 ||   410
Invok: Bend Space        |       |     4 |     1 |       |       |       ||     5
       Banish            |       |       |     3 |     4 |     9 |       ||    16
 Abil: Spit Poison       |     6 |    19 |    17 |    16 |     1 |       ||    59
Evoke: Wand              |       |     4 |     4 |     1 |     5 |     4 ||    18
  Use: Scroll            |       |     5 |     6 |    13 |    22 |    11 ||    57
       Potion            |       |     1 |     1 |       |     6 |     5 ||    13
 Stab: Sleeping          |       |       |     3 |       |    11 |     5 ||    19
       Paralysed         |       |       |     6 |       |       |       ||     6
       Distracted        |       |       |     1 |       |     6 |       ||     7
       Invisible         |       |       |       |       |       |     4 ||     4
  Eat: Chunk             |       |    10 |    10 |    19 |    22 |     4 ||    65
       Bread ration      |       |       |     1 |       |       |       ||     1
       Meat ration       |       |       |     1 |       |       |     1 ||     2
       Fruit             |       |       |     4 |    12 |    25 |     4 ||    45
       Pizza             |       |       |       |       |     1 |       ||     1
Armor: Leather armour    |    31 |    67 |   302 |   713 |   854 |   160 ||  2127
       Skin              |       |    14 |     1 |       |       |       ||    15
Dodge: Dodged            |    38 |    58 |   198 |   558 |   962 |   234 ||  2048
Block: Shield            |    11 |    73 |   259 |   742 |  1302 |   270 ||  2657
